 Dungeon Crawl Stone Soup version 0.21.0 (webtiles) character file.

45233 Ghouzt the Cleaver (level 14, -5/177 HPs)
             Began as a Demonspawn Berserker on Jan 8, 2018.
             Was the Champion of Trog.
             Slain by an acid blob (24 damage)
             ... on level 1 of the Pits of Slime.
             The game lasted 01:04:02 (14939 turns).

Ghouzt the Cleaver (Demonspawn Berserker)          Turns: 14939, Time: 01:04:02

Health: -5/177     AC: 25    Str: 34    XL:     14   Next: 0%
Magic:  0/14       EV: 10    Int: 10    God:    Trog [******]
Gold:   975        SH:  0    Dex: 12    Spells: 13/13 levels left

rFire    + . .     SeeInvis .   w - +2 broad axe (elec)
rCold    . . .     Gourm    .   (no shield)
rNeg     . . .     Faith    .   K - +0 plate armour
rPois    .         Spirit   +   E - +2 helmet
rElec    .         Reflect  .   (no cloak)
rCorr    .         Harm     .   j - +0 pair of gloves
MR       +....                  n - +2 pair of boots
Stlth    ..........             (no amulet)
HPRegen  0.39/turn              C - +5 ring of strength
MPRegen  0.14/turn              u - +2 ring of strength

@: berserking, corroded, sanguine armour, very quick
A: talons 2, fire resistance 1, magic shield, flame cloud immunity, sanguine
armour 2
a: Berserk, Trog's Hand, Brothers in Arms, Burn Spellbooks, Renounce Religion


You were on level 1 of the Pits of Slime.
You worshipped Trog.
Trog was exalted by your worship.
You were not hungry.

You visited 3 branches of the dungeon, and saw 17 of its levels.

You collected 1360 gold pieces.
You spent 385 gold pieces at shops.

Inventory:

Hand Weapons
 f - a +4 war axe of flaming
 w - a +2 broad axe of electrocution (weapon)
 H - a +2 hand axe of electrocution
Armour
 j - a +0 pair of gloves (worn)
 n - a +2 pair of boots (worn)
 E - a +2 helmet (worn)
 K - a +0 plate armour (worn)
Jewellery
 l - an uncursed ring of poison resistance
 u - a +2 ring of strength (right hand)
 C - a +5 ring of strength (left hand)
 J - an uncursed ring of positive energy
 L - an uncursed ring of ice
 V - a +4 ring of dexterity
 Z - an uncursed ring of fire
Scrolls
 a - 8 scrolls of identify
 d - 3 scrolls of amnesia
 e - 3 scrolls of noise
 k - a scroll of fear {unknown}
 q - a scroll of blinking
 r - 2 scrolls of remove curse
 t - 6 scrolls of fog
 I - 3 scrolls of teleportation
 U - a scroll of enchant weapon
Potions
 b - 3 potions of haste
 g - 3 potions of agility
 h - a potion of lignification {unknown}
 m - 2 potions of cancellation
 s - 5 potions of curing
 v - 5 potions of might
 x - 3 potions of brilliance {unknown}
 z - a potion of flight {unknown}
 B - a potion of berserk rage
 D - 3 potions of mutation
 G - 4 potions of ambrosia
 Q - 2 potions of degeneration {unknown}
 X - a potion of resistance {unknown}
Comestibles
 c - 33 rations


   Skills:
 + Level 13.1 Fighting
 + Level 14.0 Axes
 + Level 12.4 Armour
 + Level 4.0 Dodging


You had 13 spell levels left.
You didn't know any spells.

Dungeon Overview and Level Annotations

Branches:
Dungeon (11/15)            Temple (0/1) D:6            Lair (5/6) D:11
  Swamp (0/4) Lair:2        Snake (0/4) Lair:2        Slime (1/5) Lair:5
    Orc: D:9-12

Altars:
Ashenzari
Dithmenos
Elyvilon
Fedhas
Gozag
Wu Jian

Shops:
D:5 }[%(*   D:6 *   D:7 *

Annotations:
D:8 kegs's ghost, novice HOFi


Innate Abilities, Weirdness & Mutations

You have razor-sharp toenails.
Your flesh is heat resistant. (rF+)
When hurt, damage is shared between your health and your magic reserves.
You are immune to clouds of flame.
When seriously injured, your bleeding wounds create thick armour. (AC +9)


Message History

Lightning courses through the acid blob!
Your hands burn!
The eye of draining gazes at you.
You feel your power leaking away.
You slice the azure jelly!!
The azure jelly is moderately wounded.
You slice the acid blob!!
Your hands burn!
The acid blob hits you!!
* * * LOW HITPOINT WARNING * * *
You are splashed with acid!
The acid burns!
* * * LOW HITPOINT WARNING * * *
The azure jelly hits you but does no damage.
The azure jelly hits you.
* * * LOW HITPOINT WARNING * * *
The azure jelly freezes you!!
* * * LOW HITPOINT WARNING * * *
The azure jelly hits you but does no damage. x2
You slash the azure jelly!
The azure jelly is heavily wounded.
You barely miss the acid blob. The acid blob hits you!!
You die...

## ####.### ##
#...##......## ...#
##...#........# #..
##............###.#.##
##.....#.##............
##......#.##....@J......
#................J......
.................#......
.................#....#.
.#...............# .....
........................
........>..........>..G.
..............###.......
...../.#........ .....


You could see an acid blob, an azure jelly and an eye of draining.

Vanquished Creatures
  Rupert (Lair:4)
  An acid blob (Slime:1)
  Gastronok (D:11)
  An azure jelly (Slime:1)
  Erolcha (D:10)
  A hydra (Lair:5)
  The ghost of Ghouzt the Cleaver, a novice DrBe of Trog (D:9)
  5 death yaks
  Urug (Lair:2)
  The ghost of stickyfingers the Basher, a novice OpSu of Fedhas (Lair:1)
  The ghost of letownia2 the Grappler, a novice GrFi of Gozag (D:10)
  2 black mambas
  Joseph (Lair:1)
  16 elephants
  Maurice (D:10)
  6 spiny frogs
  A gargoyle (D:11)
  A torpor snail (Lair:5)
  2 komodo dragons (Lair:2)
  A rime drake (Lair:2)
  A troll (D:10)
  11 blink frogs
  8 slime creatures
  2 dream sheep (Lair:4)
  8 hippogriffs
  The ghost of dscm the Digger, an amateur OpEE (D:5)
  A spriggan (D:7)
  A water elemental (D:11)
  33 yaks
  A wraith (D:11)
  3 basilisks
  A wyvern (Lair:5)
  A hungry ghost (D:9)
  2 nagas (Lair:2)
  3 wargs (D:11)
  4 insubstantial wisps (Lair:2)
  3 water moccasins
  6 porcupines
  The ghost of komo4ek the Caller, an amateur TeSu (D:4)
  3 ice beasts
  A phantom (D:5)
  3 sky beasts
  7 orc warriors
  An eye of draining (Slime:1)
  The ghost of Ghouzt the Chopper, an amateur DsBe of Trog (D:3)
  14 wolves
  6 ogres
  7 centaurs
  7 crocodiles
  2 big kobolds
  4 bullfrogs
  4 scorpions
  4 killer bees (D:11)
  7 crimson imps
  2 bullfrog zombies
  3 hounds
  2 jellies (Lair:5)
  A quasit (D:11)
  Crazy Yiuf (D:7)
  14 orc priests
  3 bullfrog skeletons
  Jessica (D:3)
  2 iguanas
  2 worker ants
  17 orc wizards
  A hound zombie (D:10)
  A worker ant zombie (D:11)
  7 adders
  12 gnolls (D:4)
  A howler monkey skeleton (D:6)
  A shadow imp (D:9)
  A dart slug (D:2)
  2 leopard geckos
  56 orcs
  A ball python (D:1)
  5 giant cockroaches
  10 goblins
  8 hobgoblins
  8 jackals
  17 kobolds
  7 quokkas
  8 bats
  2 frilled lizards (D:4)
  A quokka skeleton (D:6)
  9 rats
  A bush (D:2)
  5 fungi (D:7)
420 creatures vanquished.

Vanquished Creatures (collateral kills)
  A hydra (Lair:4)
  A komodo dragon (Lair:4)
  2 blink frogs (Lair:4)
  2 dream sheep (Lair:4)
  A wyvern (Lair:4)
7 creatures vanquished.

Vanquished Creatures (others)
  An orc wizard (D:5)
  An iguana (D:5)
  An orc (D:5)
  2 fungi (Lair:3)
  9 plants (D:11)
14 creatures vanquished.

Grand Total: 441 creatures vanquished

Notes
Turn   | Place    | Note
-------+----------+-------------------------------------------
     0 | D:1      | Ghouzt the Demonspawn Berserker began the quest for the Orb.
     0 | D:1      | Reached XP level 1. HP: 18/18 MP: 1/1
   235 | D:1      | Gained mutation: You have sharp toenails. [demonic ancestry]
   235 | D:1      | Reached XP level 2. HP: 23/24 MP: 2/2
   239 | D:1      | Reached skill level 3 in Axes
   820 | D:1      | Reached XP level 3. HP: 29/29 MP: 3/3
   828 | D:1      | Reached ** piety under Trog
  1620 | D:2      | Found a shadowy altar of Dithmenos.
  1742 | D:2      | Found an ornate altar of the Wu Jian Council.
  1745 | D:2      | Found an opulent altar of Gozag.
  1886 | D:3      | Gained mutation: When seriously injured, your bleeding wounds create armour. (AC +9) [demonic ancestry]
  1886 | D:3      | Reached XP level 4. HP: 33/37 MP: 4/4
  1901 | D:3      | Noticed Ghouzt's ghost (amateur DsBe)
  1924 | D:3      | Killed Ghouzt's ghost
  1924 | D:3      | Reached skill level 4 in Axes
  1924 | D:3      | Gained mutation: When seriously injured, your bleeding wounds create thick armour. (AC +9) [demonic ancestry]
  1924 | D:3      | Reached XP level 5. HP: 42/42 MP: 5/5
  2029 | D:3      | Noticed Jessica
  2047 | D:3      | Killed Jessica
  2107 | D:3      | Found a shattered altar of Ashenzari.
  2525 | D:4      | Noticed an ice beast
  2536 | D:4      | Killed an ice beast
  2536 | D:4      | Reached XP level 6. HP: 48/48 MP: 6/6
  2640 | D:4      | Reached skill level 5 in Axes
  2640 | D:4      | Reached *** piety under Trog
  2765 | D:4      | Gained mutation: Your flesh is heat resistant. (rF+) [demonic ancestry]
  2765 | D:4      | Reached XP level 7. HP: 22/55 MP: 7/7
  3173 | D:4      | Noticed komo4ek's ghost (amateur TeSu)
  3190 | D:4      | Killed komo4ek's ghost
  3273 | D:5      | Entered Level 5 of the Dungeon
  3341 | D:5      | Noticed dscm's ghost (amateur OpEE)
  3350 | D:5      | Killed dscm's ghost
  3350 | D:5      | Reached skill level 5 in Fighting
  3350 | D:5      | Reached skill level 6 in Axes
  3467 | D:5      | Found an opulent altar of Gozag.
  3515 | D:5      | Found a blossoming altar of Fedhas.
  3660 | D:5      | Reached XP level 8. HP: 58/62 MP: 8/8
  3672 | D:5      | Found Dorurr's Gadget Shop.
  3762 | D:5      | Found Xiwi's Antique Armour Emporium.
  3804 | D:5      | Bought a runed helmet for 225 gold pieces
  3848 | D:5      | Reached **** piety under Trog
  3857 | D:5      | Found Vilypry's Assorted Antiques.
  3859 | D:5      | Found Bouhy's Antique Weapon Emporium.
  3865 | D:5      | Found Tuibanogh's Food Boutique.
  4196 | D:5      | Bought a glowing hand axe for 132 gold pieces
  4304 | D:6      | Reached skill level 7 in Axes
  4623 | D:6      | Reached skill level 5 in Armour
  4715 | D:6      | Found a staircase to the Ecumenical Temple.
  4730 | D:6      | Found Cenleyx's Assorted Antiques.
  4745 | D:6      | Bought a scroll labeled QOZ SOYXODYOLI for 28 gold pieces
  5161 | D:7      | Found a runed door.
  5235 | D:7      | Found Coplun's General Store.
  5246 | D:7      | Reached skill level 8 in Axes
  5246 | D:7      | Gained mutation: You are immune to clouds of flame. [demonic ancestry]
  5246 | D:7      | Reached XP level 9. HP: 43/69 MP: 9/9
  5620 | D:7      | Noticed Crazy Yiuf
  5623 | D:7      | Killed Crazy Yiuf
  5847 | D:8      | Reached ***** piety under Trog
  6076 | D:8      | Reached skill level 9 in Axes
  6140 | D:8      | Noticed kegs's ghost (novice HOFi)
  6209 | D:9      | Received a gift from Trog
  6297 | D:9      | Noticed Ghouzt's ghost (novice DrBe)
  6305 | D:9      | Killed Ghouzt's ghost
  6305 | D:9      | Reached skill level 10 in Axes
  6329 | D:9      | Reached XP level 10. HP: 58/77 MP: 10/10
  6870 | D:9      | Received a gift from Trog
  7188 | D:10     | Entered Level 10 of the Dungeon
  7241 | D:10     | Noticed Maurice
  7255 | D:10     | Killed Maurice
  7360 | D:10     | Reached skill level 11 in Axes
  7617 | D:10     | Noticed letownia2's ghost (novice GrFi)
  7628 | D:10     | Killed letownia2's ghost
  8012 | D:10     | Gained mutation: When hurt, damage is shared between your health and your magic reserves. [demonic ancestry]
  8012 | D:10     | Reached XP level 11. HP: 74/86 MP: 11/11
  8101 | D:10     | Noticed Erolcha
  8122 | D:10     | Killed Erolcha
  8122 | D:10     | Reached skill level 12 in Axes
  8696 | D:11     | Noticed a four-headed hydra
  8801 | D:11     | Found a staircase to the Lair.
  8938 | D:11     | Found a white marble altar of Elyvilon.
  9009 | D:11     | Noticed Gastronok
  9029 | D:11     | Killed Gastronok
  9326 | D:11     | Reached skill level 13 in Axes
  9711 | Lair:1   | Entered Level 1 of the Lair of Beasts
  9770 | Lair:1   | Noticed Joseph
  9786 | Lair:1   | Killed Joseph
 10062 | Lair:1   | Noticed stickyfingers's ghost (novice OpSu)
 10073 | Lair:1   | Killed stickyfingers's ghost
 10073 | Lair:1   | Reached ****** piety under Trog
 10088 | Lair:1   | Reached XP level 12. HP: 88/95 MP: 10/12
 10848 | Lair:2   | Found a staircase to the Swamp.
 11009 | Lair:2   | Found a staircase to the Snake Pit.
 11101 | Lair:2   | Noticed Urug
 11121 | Lair:2   | Killed Urug
 11756 | Lair:2   | Reached skill level 10 in Fighting
 12088 | Lair:3   | Reached skill level 14 in Axes
 12332 | Lair:3   | Received a gift from Trog
 12367 | Lair:3   | Got a brightly glowing tin ring
 12505 | Lair:4   | Noticed a death yak
 12505 | Lair:4   | Noticed a death yak
 12505 | Lair:4   | Noticed a death yak
 12513 | Lair:4   | Noticed an eight-headed hydra
 12516 | Lair:4   | Killed a death yak
 12517 | Lair:4   | Reached skill level 10 in Armour
 12523 | Lair:4   | Killed a death yak
 12524 | Lair:4   | Killed a death yak
 12525 | Lair:4   | Killed a six-headed hydra
 12622 | Lair:4   | Gained mutation: You have razor-sharp toenails. [demonic ancestry]
 12622 | Lair:4   | Reached XP level 13. HP: 45/106 MP: 8/13
 13116 | Lair:4   | Noticed Rupert
 13116 | Lair:4   | Paralysed by Rupert for 7 turns
 13128 | Lair:4   | Paralysed by Rupert for 2 turns
 13143 | Lair:4   | Paralysed by Rupert for 4 turns
 13149 | Lair:4   | Paralysed by Rupert for 4 turns
 13153 | Lair:4   | Killed Rupert
 14301 | Lair:5   | Found a staircase to the Slime Pits.
 14756 | Slime:1  | Entered Level 1 of the Pits of Slime
 14756 | Slime:1  | Noticed an azure jelly
 14762 | Slime:1  | Killed an azure jelly
 14763 | Slime:1  | Noticed an acid blob
 14776 | Slime:1  | Killed an acid blob
 14776 | Slime:1  | Received a gift from Trog
 14778 | Slime:1  | Reached XP level 14. HP: 58/118 MP: 3/14
 14926 | Slime:1  | Noticed an acid blob
 14931 | Slime:1  | Noticed an azure jelly
 14939 | Slime:1  | Slain by an acid blob

Skill      XL: |  1  2  3  4  5  6  7  8  9 10 11 12 13 |
---------------+----------------------------------------+-----
Axes           | 3 4 5 6 8 10 11 13 14 | 14.0
Dodging        | 2 3 4 |  4.0
Armour         | 2 3 4 5 6 7 8 10 12 | 12.4
Fighting       | 4 5 6 8 9 11 13 | 13.1

Action                   |  1- 3 |  4- 6 |  7- 9 | 10-12 | 13-15 || total
-------------------------+-------+-------+-------+-------+-------++-------
Melee: Hand axe          |   306 |   124 |   293 |       |       ||   723
       Kick              |     6 |       |       |       |       ||     6
       War axe           |       |       |    42 |   615 |   199 ||   856
       Broad axe         |       |       |       |       |     6 ||     6
Invok: Berserk           |       |     4 |     6 |    10 |     4 ||    24
       Burn Spellbooks   |       |       |     3 |     2 |       ||     5
       Brothers in Arms  |       |       |       |     1 |       ||     1
  Use: Scroll            |       |     6 |    14 |     3 |     4 ||    27
       Potion            |       |     2 |       |       |     5 ||     7
 Stab: Sleeping          |     1 |       |       |       |       ||     1
  Eat: Chunk             |     3 |     7 |    17 |    25 |     9 ||    61
       Ration            |       |       |       |     2 |     1 ||     3
Armor: Animal skin       |    24 |       |       |       |       ||    24
       Chain mail        |    81 |    99 |   127 |       |       ||   307
       Plate armour      |       |       |    65 |   429 |   212 ||   706
Dodge: Dodged            |   114 |    67 |   151 |   268 |   113 ||   713
